 Dungeon Crawl Stone Soup version 0.27.1-37-g7b29ead8ac (webtiles) character file.

Game seed: 10132526672257195335

357 AarnesTheHuman the Shield-Bearer (level 6, -5/50 HPs)
             Began as a Formicid Fighter on June 8, 2023.
             Was a Follower of Yredelemnul.
             Slain by an orc warrior (20 damage)
             ... on level 4 of the Dungeon.
             The game lasted 00:07:04 (3904 turns).

AarnesTheHuman the Shield-Bearer (Formicid Fighter) Turns: 3904, Time: 00:07:05

Health: -5/50      AC:  7    Str: 22    XL:     6   Next: 96%
Magic:  7/7        EV:  8    Int:  8    God:    Yredelemnul [*.....]
Gold:   72         SH: 10    Dex: 10    Spells: 5/5 levels left

rFire    . . .     SeeInvis +   a - +2 trident
rCold    . . .     Faith    .   c - +0 kite shield
rNeg     . . .     Spirit   .   b - +0 scale mail
rPois    .         Reflect  .   (helmet unavailable)
rElec    .         Harm     .   (no cloak)
rCorr    .         Rampage  .   (no gloves)
Will     .....                  (no boots)
Stlth    ..........             (no amulet)
HPRegen  0.16/turn              (no ring)
MPRegen  0.10/turn              (no ring)

@: no status effects
A: permanent stasis, dig shafts and tunnels, antennae 3, four strong arms
a: Dig, Shaft Self, Renounce Religion, Animate Remains


You were on level 4 of the Dungeon.
You worshipped Yredelemnul.
Yredelemnul was aware of your devotion.
You visited 2 branches of the dungeon, and saw 6 of its levels.

You collected 72 gold pieces.

Inventory:

Hand Weapons
 a - a +2 trident (weapon)
 f - a +1 dagger of speed
 g - a +0 hunting sling
Missiles
 h - 45 stones
 i - 18 bolts
 l - 40 sling bullets
 w - 18 poisoned darts
Armour
 b - a +0 scale mail (worn)
 c - a +0 kite shield (worn)
Magical Staves
 j - a staff of death
Jewellery
 u - a ring of magical power
Potions
 d - a potion of might
 e - a potion of curing
 k - 2 potions of cancellation {unknown}
 m - a potion of resistance {unknown}
 n - a potion of lignification {unknown}
 r - 2 potions of magic
 s - a potion of flight {unknown}
 t - a potion of haste {unknown}
 v - 2 potions of heal wounds {unknown}
 x - a potion of attraction {unknown}


   Skills:
 + Level 4.9 Fighting
 + Level 3.7 Polearms
 - Level 4.4 Armour
 + Level 5.3 Shields
 + Level 1.7 Invocations


You had 5 spell levels left.
You didn't know any spells.
Your spell library contained the following spells:

 Spells                   Type           Power      Damage    Failure   Level
 Magic Dart               Conj           0%         1d3       94%         1
 Call Imp                 Summ           0%         N/A       98%         2
 Corpse Rot               Necr/Air       N/A        N/A       98%         2
 Poisonous Vapours        Pois/Air       0%         N/A       98%         2
 Mephitic Cloud           Conj/Pois/Air  0%         N/A       100%        3
 Freezing Cloud           Conj/Ice/Air   0%         6-21      100%        5


Dungeon Overview and Level Annotations

Branches:
Dungeon (5/15)             Temple (1/1) D:4

Altars:
Ashenzari
Fedhas
Gozag
Hepliaklqana
Kikubaaqudgha
Nemelex Xobeh
Qazlal
Ru
Sif Muna
Yredelemnul
The Shining One

Annotations:
D:3 exclusion: downstairs


Innate Abilities, Weirdness & Mutations

You cannot be hasted, slowed, berserked, paralysed or teleported.
You can dig through walls and to a lower floor.
You have a pair of large antennae on your head. (SInv)
Your four strong arms can wield two-handed weapons with a shield.


Message History

The orc warrior is severely wounded.
The orc warrior hits you with a +0 war axe!
* * * LOW HITPOINT WARNING * * *
The orc warrior barely misses you.
You hit the orc warrior but do no damage.
The orc warrior is severely wounded.
The orc warrior barely misses you.
Okay, then.
Unknown command.
Okay, then.
Items here: ! )) [[.
You see here a +0 club.
Press: ? - help, v - describe, . - travel, g - get item
Items here: a +0 dagger of venom; an orc corpse.
The floor, spattered with blood.
Things that are here:
a +0 dagger of venom; an orc corpse
Items here: ! )) [[.
You see here a +0 club.
Things that are here:
a +0 dagger of venom; an orc corpse
Items here: ! )) [[.
You see here a +0 club.
Things that are here:
a +0 dagger of venom; an orc corpse
Items here: ! )) [[.
You see here a +0 club.
Things that are here:
a +0 dagger of venom; an orc corpse
Items here: ! )) [[.
You see here a +0 club.
Things that are here:
a +0 dagger of venom; an orc corpse
Items here: ! )) [[.
You see here a +0 club.
Things that are here:
a +0 dagger of venom; an orc corpse The orc warrior hits you with a +0 war axe!!
You die...
Your body rises from the dead as a mindless zombie.

########################
#>.........o...........#
#.#####.##############.. #.#
#...# ######.
#####'#####.))###### #...ZZ.
#..........<)).....# #.####.
#...........##.....# #.# ##
#...........##.....# #.# #
#..........@##.....###.#####
#...........o)........Z.....
#...........#).....###.#####
#...........#......# #)#
#...........#......# #.#
#...........#......# #.#
###########.#......# #.#
#.#......# #.# #.#.######
#.#####


You could see an orc warrior.

Vanquished Creatures
  A phantom (D:4)
  A scorpion (D:4)
  A water moccasin skeleton (D:4)
  A hound (D:5)
  A hound skeleton (D:4)
  Robin (D:4)
  2 adders (D:2)
  An adder skeleton (D:4)
  2 worms (D:3)
  2 orcs (D:4)
  8 endoplasms
  3 giant cockroaches (D:1)
  11 hobgoblins
  6 jackals (D:3)
  6 quokkas
  6 ball pythons
  7 bats
  8 frilled lizards
  14 goblins
  5 kobolds
  3 rats
90 creatures vanquished.

Vanquished Creatures (others)
  A goblin skeleton (D:4)
  2 hobgoblin skeletons (D:4)
  An orc skeleton (D:4)
  6 plants (D:3)
  17 withered plants (D:3)
27 creatures vanquished.

Grand Total: 117 creatures vanquished

Notes
Turn   | Place    | Note
-------+----------+-------------------------------------------
     0 | D:1      | AarnesTheHuman the Formicid Fighter began the quest for the
                  | Orb.
     0 | D:1      | Reached XP level 1. HP: 18/18 MP: 1/1
    59 | D:1      | Reached XP level 2. HP: 18/24 MP: 2/2
   617 | D:1      | Reached XP level 3. HP: 29/29 MP: 3/3
   696 | D:2      | Reached skill level 4 in Shields
  1011 | D:2      | Reached XP level 4. HP: 31/37 MP: 4/4
  1427 | D:3      | Found a broken altar of Ashenzari.
  1739 | D:3      | Found a glowing golden altar of the Shining One.
  1944 | D:3      | Found a faded altar of an unknown god.
  2415 | D:4      | Noticed a scorpion
  2422 | D:4      | Killed a scorpion
  2423 | D:4      | Reached XP level 5. HP: 8/42 MP: 5/5
  2742 | D:4      | Reached XP level 6. HP: 49/49 MP: 6/6
  2766 | D:4      | Found a staircase to the Ecumenical Temple.
  2772 | D:4      | Noticed an orc warrior
  2775 | Temple   | Entered the Ecumenical Temple
  3057 | Temple   | Became a worshipper of Yredelemnul the Dark
  3401 | D:4      | Noticed Robin
  3452 | D:4      | Reached skill level 5 in Shields
  3659 | D:5      | Entered Level 5 of the Dungeon
  3665 | D:5      | Reached skill level 1 in Invocations
  3678 | D:4      | Reached * piety under Yredelemnul
  3827 | D:4      | Killed Robin
  3904 | D:4      | Slain by an orc warrior

Illustrated notes

Levels and vault maps discovered:
D:1:      dpeg_arrival_simpleton_c, layout_rooms
D:2:      layout_rooms
D:3:      layout_loops_ring, mainiacjoe_overflow_tiny_flanked,
          ashenzari_conservatory_becter, shapermc_ecumenical_altar_flowoftime,
          grunt_decor_clamped
D:4:      layout_basic, makhleb_altar_promises_db,
          minmay_temple_entry_sparse_star, uniq_robin
D:5:      layout_rooms, kennysheep_mini, corexii_leaking_fountain, uniq_edmund
Temple:   compressed_dpeg_triangle_lava_temple

Skill      XL: |  1  2  3  4  5  6 |
---------------+-------------------+-----
Shields        | 4 5 |  5.3
Fighting       | 4 |  4.9
Armour         | 4 |  4.4
Polearms       | 3 |  3.7
Invocations    | 1 |  1.7

Action                   |  1- 3 |  4- 6 || total
-------------------------+-------+-------++-------
Melee: Trident           |   124 |   199 ||   323
Invok: Animate Remains   |       |     4 ||     4
 Abil: Dig               |       |     3 ||     3
  Use: Scroll            |       |    10 ||    10
       Potion            |       |     3 ||     3
Armor: Scale mail        |    44 |    70 ||   114
Dodge: Dodged            |    43 |    51 ||    94
Block: Kite shield       |    70 |    91 ||   161
